 Dungeon Crawl Stone Soup version 0.31.0-9-g3a7656b989 (webtiles) character file.

Game seed: 16613773095889460507

17 qw the Shooter (level 2, -1/14 HPs)
             Began as a Spriggan Hunter on Feb 2, 2024.
             Slain by a gnoll
             ... wielding a +0 spear
              (5 damage)
             ... on level 2 of the Dungeon.
             The game lasted 00:00:02 (741 turns).

qw the Shooter (Spriggan Hunter)                     Turns: 741, Time: 00:00:02

Health: -1/14      AC:  3    Str:  7    XL:     2   Next: 44%
Magic:  3/3        EV: 19    Int: 10    God:
Gold:   0          SH:  0    Dex: 18    Spells: 1/1 levels left

rFire   . . .        a - +0 shortbow
rCold   . . .        (shield currently unavailable)
rNeg    . . .        c - +0 robe
rPois   .            (helmet restricted)
rElec   .            d - +0 cloak
rCorr   .            (gloves unavailable)
SInv    +            (boots unavailable)
Will    .....        (no amulet)
Stlth   ++           (no ring)
HPRegen 0.22/turn    (no ring)
MPRegen 0.08/turn

%: no passive effects
@: very quick
A: very small, no large weapons, unfitting armour, see invisible, speed 3
a: no special abilities


You were on level 2 of the Dungeon.
You visited 1 branch of the dungeon, and saw 2 of its levels.


Innate Abilities, Weirdness & Mutations

You are very small and have problems with some larger weapons.
You are too small for most types of armour.
You have supernaturally acute eyesight. (SInv)
You cover ground extremely quickly. (Speed+++)


   Skills:
 - Level 1.5 Fighting
 + Level 4.1 Ranged Weapons
 - Level 4.0 Dodging
 - Level 1.5 Stealth


You had one spell level left.
You didn't know any spells.
Your spell library was empty.

Inventory:

Hand Weapons
 a - a +0 shortbow (weapon)
Armour
 c - a +0 robe (worn)
 d - a +0 cloak (worn)
Potions
 f - a potion of heal wounds

Dungeon Overview and Level Annotations

Branches:
Dungeon (2/15)

Altars:

Shops:
D:1 (


Message History

Waypoint 1 assigned to D:2.
You shoot an arrow.
The arrow hits the giant cockroach but does no damage.
You shoot an arrow. The arrow hits the giant cockroach.
The giant cockroach is moderately wounded.
You shoot an arrow. The arrow hits the giant cockroach!
You kill the giant cockroach!
Found a helmet.
A quokka and a gnoll come into view.
Found a scroll of identify.
You shoot an arrow. The arrow hits the gnoll.
The gnoll shouts!
The gnoll is moderately wounded.
You hear an angry hiss.
An adder comes into view.
The adder moves out of view.
You shoot an arrow. The arrow hits the quokka.
You kill the quokka!
The adder closely misses you.
You shoot an arrow. The arrow hits the adder!
The adder is heavily wounded.
The adder bites you.
You are poisoned.
The adder poisons you!
You shoot an arrow. The arrow barely misses the adder.
You feel sick. The adder completely misses you.
The gnoll hits you from afar with a +0 spear.
The adder completely misses you.
You shoot an arrow. The arrow hits the adder.
The adder is severely wounded.
You feel sick. The adder closely misses you. The gnoll closely misses you.
You shoot an arrow. The arrow closely misses the adder.
You feel sick. The adder closely misses you. The gnoll closely misses you.
The adder barely misses you.
You shoot an arrow. The arrow barely misses the adder.
You feel sick.
You are no longer poisoned.
The gnoll hits you from afar with a +0 spear.
The adder barely misses you.
The gnoll hits you from afar with a +0 spear.
You die...

#....... .........
#..#..#..
###..#.....
#..........
####.#..#.....
..####.............
.......@..#<.#.###.
....##S##).........
# #[g #......###.
##% #.#......# ..
#.#....#.# ##
#.#........
...........
...........
.#.#..###.##


You could see a gnoll and an adder.

Vanquished Creatures
  2 endoplasms (D:1)
  2 giant cockroaches
  A hobgoblin (D:1)
  3 quokkas
  2 ball pythons (D:1)
  2 bats (D:1)
  2 goblins (D:1)
  2 kobolds (D:1)
16 creatures vanquished.

Notes
Turn   | Place    | Note
-------+----------+-------------------------------------------
     0 | D:1      | qw the Spriggan Hunter began the quest for the Orb.
     0 | D:1      | Reached XP level 1. HP: 10/10 MP: 2/2
     0 | D:1      | 0 ||| qw: Version: 0.3-a-155-g5e7d8dd
     0 | D:1      | 0 ||| qw: Game counter: 2486
     0 | D:1      | 0 ||| qw: Melee chars always use a shield: true
     0 | D:1      | 0 ||| qw: God list: Okawaru
     0 | D:1      | 0 ||| qw: Allow faded altars: false
     0 | D:1      | 0 ||| qw: Do Orc after clearing Dungeon:15 true
     0 | D:1      | 0 ||| qw: Do second Lair branch before Depths: true
     0 | D:1      | 0 ||| qw: Lair rune preference: random
     0 | D:1      | 0 ||| qw: Goals: Normal
     0 | D:1      | 0 ||| PLANNING D:1-11
    30 | D:1      | Reached skill level 3 in Dodging
   144 | D:1      | Reached XP level 2. HP: 14/14 MP: 3/3
   554 | D:1      | Found Caosav's Antique Weapon Boutique.
   557 | D:1      | 557 ||| SHOPLISTING runed shortbow (114 gold, have 0).
   588 | D:1      | Found a faded altar of an unknown god.
   701 | D:1      | 701 ||| UPGRADING to +0 cloak.
   706 | D:1      | 706 ||| READING scroll labelled UCHAEMME YVEDE.
   706 | D:1      | 706 ||| IDENTIFYING smoky green potion
   707 | D:1      | 707 ||| DROPPING scroll of butterflies.
   741 | D:2      | Slain by a gnoll

Levels and vault maps discovered:
D:1:      grunt_arrival_crossed_arrows, layout_basic,
          hellmonk_ecumenical_altar_blasted, serial_shops,
          nicolae_shop_real_fake_doors, serial_forest,
          infiniplex_forest_lined_3, infiniplex_forest_end_3,
          infiniplex_forest_straight_2, infiniplex_forest_clump_C,
          infiniplex_forest_fountain, infiniplex_forest_straight_2
D:2:      kennysheep_the_goblin_king, layout_basic, minmay_split_cup_small,
          uniq_jessica

Skill      XL: |  1  2 |
---------------+-------+-----
Dodging        | 3 4 |  4.0
Fighting       | |  1.5
Ranged Weapons | |  4.1
Stealth        | |  1.5

Action                     || total
---------------------------++-------
   Fire: Shortbow          ||    40
    Use: Scroll            ||     1
 Armour: Robe              ||     7
  Dodge: Dodged            ||    21

Table legend:
 A = Non-vault XP
 B = Vault XP
 C = Vault XP percentage of total XP
 D = Non-vault monster count
 E = Vault monster count
 F = Vault count percentage of total count
                 A         B        C        D         E       F
            +---------+---------+-------+---------+---------+-------
      Total |      23 |       2 |   8.0 |      15 |       1 |   6.2
            +---------+---------+-------+---------+---------+-------
        D:1 |      21 |       0 |   0.0 |      14 |       0 |   0.0
        D:2 |       2 |       2 |  50.0 |       1 |       1 |  50.0
            +---------+---------+-------+---------+---------+-------
